 Dungeon Sprint DCSS version 0.19.0-19-g8c6edcc (webtiles) character file.

1252 poirepourri the Fighter (level 8, -13/63 HPs)
             Began as a Gargoyle Fighter on Nov 15, 2016.
             Was an Initiate of Cheibriados.
             Mangled by Snorg (19 damage)
             ... in the Dungeon (Sprint III: "The Ten Rune Challenge").
             The game lasted 00:02:10 (880 turns).

poirepourri the Fighter (Gargoyle Fighter)           Turns: 880, Time: 00:02:10

Health: -13/63     AC: 12    Str: 24    XL:     8   Next: 51%
Magic:  8/8        EV:  8    Int:  9    God:    Cheibriados [......]
Gold:   56         SH:  9    Dex: 10    Spells: 0 memorised, 7 levels left

rFire  . . .     SeeInvis .     a - +0 flail
rCold  . . .     Gourm    .     b - +0 scale mail
rNeg   + . .     Faith    .     c - +0 shield
rPois  ∞         Spirit   .     (no helmet)
rElec  +         Reflect  .     (no cloak)
rCorr  .         Harm     .     (no gloves)
MR     .....     NoTele   +     (no boots)
Stlth  ..........               (no amulet)
                                (no ring)
                                (no ring)

@: slow
A: negative energy resistance 1, electricity resistance, unbreathing,
petrification resistance, rot immunity, AC +5
a: Bend Time, Renounce Religion


You were in the Dungeon.
You worshipped Cheibriados.
Cheibriados was noncommittal.
You were not hungry.

You visited 1 branch You collected 56 gold pieces.

Inventory:

Hand Weapons
 a - a +0 flail (weapon)
Armour
 b - a +0 scale mail (worn)
 c - a +0 shield (worn)
Scrolls
 k - a scroll of blinking
 n - a scroll of remove curse
 o - a scroll of recharging
Potions
 h - 2 potions of haste
 i - 2 potions of magic
 j - 3 potions of mutation
 q - 2 potions of flight
Books
 d - a book of Misfortune

   Spells                             Type                      Level
   a - Confusing Touch                Hexes                        1
   b - Confuse                        Hexes                        3
   c - Gell's Gravitas                Hexes/Translocation          3
   d - Petrify                        Transmutation/Earth          4
   e - Metabolic Englaciation         Hexes/Ice                    5
   f - Yara's Violent Unravelling     Hexes/Transmutation          5
Comestibles
 f - a bread ration
 p - 3 royal jellies


   Skills:
 + Level 13.2 Fighting
 + Level 13.0 Maces & Flails
 - Level 3.2 Armour
 + Level 3.0 Dodging
 - Level 3.2 Shields


You had 7 spell levels left.
You didn't know any spells.

Dungeon Overview and Level Annotations

Branches:
Dungeon (1/1)

Altars:
Cheibriados
Dithmenos
Elyvilon
Fedhas
Gozag
Hepliaklqana
Kikubaaqudgha
Makhleb
Nemelex Xobeh
Okawaru
Qazlal
Ru
Sif Muna
Trog
Uskayaw
Vehumet
Xom
Yredelemnul
Zin
The Shining One
Beogh
Jiyva
Lugonu

Annotations:
D Snorg


Innate Abilities, Weirdness & Mutations

You are resistant to torment.
Your stone body is resilient. (AC +5)
You are immune to poison.
You resist negative energy. (rN+)
You are resistant to electric shocks. (rElec)
You can survive without breathing.
You are immune to petrification.
You are immune to rotting.


Message History

Snorg goes berserk!
You barely miss Snorg.
Snorg is heavily wounded.
Snorg completely misses you. Snorg claws you!
Snorg claws you but does no damage.
You hit Snorg but do no damage.
Snorg is heavily wounded.
Snorg bites you. You block Snorg's attack. Snorg claws you but does no damage.
Snorg barely misses you. You block Snorg's attack.
Snorg claws you but does no damage.
You sock Snorg!
Snorg is heavily wounded.
Snorg bites you but does no damage. You block Snorg's attack. x2
It was a potion of cure mutation.
It has a very clean taste.
You block Snorg's attack. Snorg claws you! x2
* * * LOW HITPOINT WARNING * * *
Your shield and scale mail prevent you from hitting Snorg.
Snorg is heavily wounded.
Snorg bites you!!
You die...

##.############
####..#___#__[#__#
#..#..#...#__.#)_#
#..#..###)#)###'##
##'#..#....÷.....#
###...'.⌠........#
###...#...######'#
##....#.⌠.#__#...#+#####
#.....#...#__#..@#.T§≈≈+
†.....#)###__#..T#.#§§≈#
#.....#.).#__#...'.#T§.#
##....#___#__'...#.#.§§#
▓▓▓▓▓▓▓▓▓▓▓▓▓▓▓▓▓▓▓▓▓▓▓


You could see Snorg (berserk).

Vanquished Creatures
  A deep elf mage (D)
  A shadow (D)
  A spatial vortex (D)
  A necrophage (D)
  A water elemental (D)
  A jelly (D)
  A wizard (D)
  Jessica (D)
  A necromancer (D)
  3 humans (D)
  A kobold demonologist (D)
  A wolf (D)
  An ooze (D)
  2 rats (D)
17 creatures vanquished.

Vanquished Creatures (others)
  2 draconian scorchers (D)
  A yaktaur (D)
  6 hellions (D)
  2 plants (D)
11 creatures vanquished.

Grand Total: 28 creatures vanquished

Notes
Turn   | Place    | Note
-------+----------+-------------------------------------------
     0 | D        | poirepourri the Gargoyle Fighter began the quest for the Orb.
     0 | D        | Reached XP level 1. HP: 14/14 MP: 1/1
    46 | D        | Noticed Jessica
    51 | D        | Killed Jessica
    51 | D        | Reached XP level 2. HP: 23/23 MP: 2/2
    51 | D        | Reached XP level 3. HP: 28/28 MP: 3/3
    76 | D        | Reached XP level 4. HP: 29/35 MP: 4/4
    91 | D        | Killed a hellion
    92 | D        | Killed a hellion
   119 | D        | Killed a white draconian scorcher
   120 | D        | Killed a hellion
   129 | D        | Killed a hellion
   130 | D        | Killed a yaktaur
   147 | D        | Killed a hellion
   160 | D        | Killed a hellion
   257 | D        | Noticed a water elemental
   264 | D        | Killed a water elemental
   264 | D        | Reached XP level 5. HP: 21/41 MP: 5/5
   267 | D        | Killed a white draconian scorcher
   268 | D        | Found a radiant altar of Vehumet.
   268 | D        | Found a deep blue altar of Sif Muna.
   268 | D        | Found an ancient bone altar of Kikubaaqudgha.
   348 | D        | Found a basalt altar of Yredelemnul.
   348 | D        | Found a shadowy altar of Dithmenos.
   348 | D        | Found a sacrificial altar of Ru.
   348 | D        | Noticed a necrophage
   353 | D        | Killed a necrophage
   353 | D        | Reached skill level 10 in Fighting
   353 | D        | Reached skill level 1 in Dodging
   353 | D        | Reached XP level 6. HP: 37/48 MP: 6/6
   450 | D        | Found a hide-covered altar of Uskayaw.
   450 | D        | Found a roughly hewn altar of Beogh.
   450 | D        | Found an iron altar of Okawaru.
   450 | D        | Found a bloodstained altar of Trog.
   450 | D        | Noticed a human
   455 | D        | Noticed a human
   462 | D        | Killed a human
   480 | D        | Killed a human
   480 | D        | Reached skill level 10 in Maces & Flails
   480 | D        | Reached XP level 7. HP: 19/55 MP: 7/7
   698 | D        | Found a glowing silver altar of Zin.
   698 | D        | Found a glowing golden altar of the Shining One.
   698 | D        | Found a white marble altar of Elyvilon.
   699 | D        | Noticed a deep elf mage
   708 | D        | Killed a deep elf mage
   708 | D        | Reached XP level 8. HP: 62/62 MP: 8/8
   720 | D        | Noticed a shadow
   729 | D        | Killed a shadow
   807 | D        | Found a blossoming altar of Fedhas.
   807 | D        | Found a stormy altar of Qazlal.
   807 | D        | Found a snail-covered altar of Cheibriados.
   807 | D        | Found a burning altar of Makhleb.
   807 | D        | Found a shimmering altar of Xom.
   808 | D        | Found a hazy altar of Hepliaklqana.
   808 | D        | Found an opulent altar of Gozag.
   808 | D        | Found a sparkling altar of Nemelex Xobeh.
   808 | D        | Found a corrupted altar of Lugonu.
   808 | D        | Found a viscous altar of Jiyva.
   830 | D        | Became a worshipper of Cheibriados the Contemplative
   861 | D        | Noticed Snorg
   880 | D        | Mangled by Snorg

Skill      XL: |  1  2  3  4  5  6  7  8 |
---------------+-------------------------+-----
Fighting       | 6 7 9 10 11 12 13 | 13.2
Maces & Flails | 3 4 6 8 10 12 13 | 13.0
Dodging        | 1 2 3 |  3.0
Armour         | |  3.2
Shields        | |  3.2

Action                   |  1- 3 |  4- 6 |  7- 9 || total
-------------------------+-------+-------+-------++-------
Melee: Flail             |    27 |    46 |    33 ||   106
  Use: Potion            |     1 |     6 |     1 ||     8
       Scroll            |       |     5 |       ||     5
Armor: Scale mail        |    10 |    14 |    12 ||    36
Dodge: Dodged            |     6 |    10 |     8 ||    24
Block: Shield            |    17 |    15 |    14 ||    46
